 Dungeon Crawl Stone Soup version 0.30.0-17-ge0270778cf (webtiles) character file.

Game seed: 1327012132528371268

236 ProzacElf the Sneak (level 5, -4/35 HPs)
             Began as a Demonspawn Hedge Wizard on May 21, 2023.
             Slain by a phantom (5 damage)
             ... on level 4 of the Dungeon.
             The game lasted 00:09:04 (4566 turns).

ProzacElf the Sneak (Demonspawn Hedge Wizard)       Turns: 4566, Time: 00:09:05

Health: -4/35      AC: 10    Str: 14    XL:     5   Next: 77%
Magic:  17/18      EV:  7    Int: 15    God:
Gold:   258        SH:  0    Dex: 17    Spells: 2/10 levels left

rFire   . . .        a - +0 mace
rCold   . . .        (no shield)
rNeg    . . .        j - +2 chain mail "Nukuthet" {rElec MP+9 Str+2}
rPois   .            c - +0 hat
rElec   +            (no cloak)
rCorr   .            (no gloves)
SInv    .            (no boots)
Will    +....        (no amulet)
Stlth   ++           g - ring of willpower
HPRegen 0.25/turn    (no ring)
MPRegen 0.16/turn

%: no passive effects
@: very slightly contaminated
A: antennae 1, thin skeletal structure 2, demonic magic 1
a: no special abilities


You were on level 4 of the Dungeon.
You visited 1 branch of the dungeon, and saw 4 of its levels.

You collected 258 gold pieces.

Inventory:

Hand Weapons
 a - a +0 mace (weapon)
 b - a +2 dagger of venom
 o - a +0 dagger
Missiles
 k - 4 poisoned darts (quivered)
 m - 2 javelins
Armour
 c - a +0 hat (worn)
 i - a +0 leather armour
 j - the +2 chain mail "Nukuthet" (worn) {rElec MP+9 Str+2}
   (You found it on level 2 of the Dungeon)

   Str:       It affects your strength (+2).
   rElec:     It insulates you from electricity.
   MP:        It affects your magic capacity (+9).
 p - a +0 robe
Jewellery
 g - a ring of willpower (left hand)
 s - a ring of fire
Wands
 l - a wand of flame (16)
Scrolls
 f - a scroll of immolation {unknown}
 n - a scroll of magic mapping {unknown}
Potions
 d - a potion of magic
 e - 2 potions of mutation {unknown}
 h - a potion of resistance
 q - 2 potions of degeneration {unknown}
 r - 2 potions of ambrosia {unknown}
 t - a potion of curing


   Skills:
 - Level 1.7 Dodging
 + Level 3.3 Stealth
 - Level 3.0 Spellcasting
 + Level 2.9 Conjurations
 + Level 2.9 Summonings
 + Level 2.6 Translocations


You had 2 spell levels left.
You knew the following spells:

 Your Spells              Type           Power      Damage    Failure   Level
a - Magic Dart            Conj           44%        1d5       75%         1
b - Call Imp              Summ           20%        N/A       88%         2
c - Stone Arrow           Conj/Erth      12%        3d7       100%        3
o - Blink                 Tloc           20%        N/A       90%         2

Your spell library contained the following spells:

 Spells                   Type           Power      Damage    Failure   Level
 Slow                     Hex            8%         N/A       98%         1
 Cigotuvi's Dreadful Rot  Necr/Pois/Air  4%         N/A       99%         2
 Dazzling Flash           Conj/Hex       12%        N/A       100%        3
 Mephitic Cloud           Conj/Pois/Air  5%         N/A       100%        3
 Animate Armour           Summ/Erth      12%        N/A       100%        4
 Agony                    Necr           2%         N/A       100%        5
 Silence                  Hex/Air        1%         N/A       100%        5
 Lehudib's Crystal Spear  Conj/Erth      3%         10d2      100%        8
 Chain Lightning          Conj/Air       3%         3d4       100%        9
 Fire Storm               Conj/Fire      3%         8d1       100%        9
 Shatter                  Erth           1%         3d5*      100%        9


Dungeon Overview and Level Annotations

Branches:
Dungeon (4/15)
 Temple: D:4-7

Altars:
Sif Muna

Shops:
D:1 [


Innate Abilities, Weirdness & Mutations

You have a pair of small antennae on your head.
You have a moderately thin skeletal structure. (Dex +4, Stealth++)
Spells you cast may paralyse adjacent enemies.


Message History

Tha phantom hits ye but does nay damage.
Ye closely miss tha phantom.
Tha phantom be almost destroyed.
Tha phantom hits ye.
* * * LOW HITPOINT WARNIN'
* * * Tha phantom hits ye.
* * * LOW HITPOINT WARNIN'
* * * Tha phantom blinks!
Ye blink.
Ye take 3 damage, an' haf 5/35 hp.
Tha phantom hits ye but does nay damage.
Tha phantom hits ye but does nay damage.
Tha phantom hits ye but does nay damage.
Ye miss tha phantom.
Tha phantom be almost destroyed.
Tha phantom hits ye but does nay damage.
Ye miss tha phantom.
Tha phantom be almost destroyed.
Tha phantom hits ye.
* * * LOW HITPOINT WARNIN'
* * * Tha phantom blinks!
Ye blink.
Tha phantom barely misses ye.
Ye take 2 damage, an' haf 4/35 hp.
Ye closely miss tha phantom.
Tha phantom be almost destroyed.
Tha phantom hits ye.
* * * LOW HITPOINT WARNIN'
* * * Ye take 1 damage, an' haf 3/35 hp.
Ye barely miss tha phantom.
Tha phantom be almost destroyed.
Tha phantom hits ye.
* * * LOW HITPOINT WARNIN'
* * * Ye take 2 damage, an' haf 1/35 hp.
Castin': Magic Dart (safe; 75% risk o' failure) Confirm wit' . or Enter, or press ? or * ta list all spells.
Aimin': Magic Dart (safe; 75% risk o' failure)
Press: ? - help, Shift-Dir - straight line, f/p - phantom
Aim: a phantom (almost destroyed, 100% ta hit) Ye miscast Magic Dart.
Ye be very lightly contaminated wit' residual magic.
Nuthin' appears ta happ'n.
Tha phantom hits ye.
Ye die...

#..........###..##
#..........##...<#
#..........##....#
#..........##....# ##
#.....(....##...##
.######..>.....##..###
................#.##
..##...........W#.#
.....#..........@.#
..>###......<...###
+### #..........#
#.........##
###......## #..######
#...## #....# #....?#


You could see a phantom.

Vanquished Creatures
  Sigmund (D:3)
  3 adders (D:3)
  2 dart slugs
  2 bats
  11 endoplasms
  3 goblins (D:1)
  3 hobgoblins
  2 jackals (D:4)
  A quokka (D:2)
  8 ball pythons
  3 frilled lizards
  3 kobolds
  6 rats (D:1)
48 creatures vanquished.

Notes
Turn   | Place    | Note
-------+----------+-------------------------------------------
     0 | D:1      | ProzacElf the Demonspawn Hedge Wizard began the quest for
                  | the Orb.
     0 | D:1      | Reached XP level 1. HP: 13/13 MP: 4/4
   119 | D:1      | Reached skill level 1 in Translocations
   409 | D:1      | Gained mutation: You have a somewhat thin skeletal
                  | structure. (Dex +2, Stealth+) [demonic ancestry]
   409 | D:1      | Reached XP level 2. HP: 19/19 MP: 3/6
   640 | D:1      | Learned a level 2 spell: Blink
   643 | D:1      | Learned a level 2 spell: Call Imp
   717 | D:1      | Found Yhefrahe's Antique Armour Shop.
   878 | D:1      | Found a faded altar of an unknown god.
  2530 | D:2      | Gained mutation: Spells you cast may paralyse adjacent
                  | enemies. [demonic ancestry]
  2530 | D:2      | Reached XP level 3. HP: 24/24 MP: 7/7
  2569 | D:2      | Learned a level 3 spell: Stone Arrow
  2738 | D:2      | Found a shimmering blue altar of Sif Muna.
  2822 | D:2      | Identified the +2 chain mail "Nukuthet" {rElec MP+9 Str+2}
  3317 | D:3      | Noticed Sigmund
  4157 | D:3      | Killed Sigmund
  4158 | D:3      | Gained mutation: You have a pair of small antennae on your
                  | head. [demonic ancestry]
  4158 | D:3      | Reached XP level 4. HP: 27/30 MP: 8/8
  4158 | D:3      | Gained mutation: You have a moderately thin skeletal
                  | structure. (Dex +4, Stealth++) [demonic ancestry]
  4158 | D:3      | Reached XP level 5. HP: 32/35 MP: 9/9
  4510 | D:4      | Noticed a phantom
  4565 | D:4      | HP: 1/35 [phantom (2)]
  4566 | D:4      | Slain by a phantom

Illustrated notes

Levels and vault maps discovered:
D:1:      dpeg_arrival_water_temple_mockup, layout_loops_corners,
          basic_ecumenical_altar, serial_shops, nicolae_shop_tiny_statue_garden,
          hex_medium, skrybe_limestone_x
D:2:      layout_loops_ring, basic_altar
D:3:      layout_rooms, kennysheep_another_room, uniq_sigmund
D:4:      layout_rooms, gammafunk_temple_overflow_pools, temple_green

Skill      XL: |  1  2  3 |
---------------+----------+-----
Translocations | 1 2 |  2.6
Stealth        | 2 3 |  3.3
Conjurations   | 2 |  2.9
Summonings     | 2 |  2.9
Dodging        | |  1.7
Spellcasting   | |  3.0

Action                     |  1- 3 |  4- 6 || total
---------------------------+-------+-------++-------
  Melee: Dagger            |   121 |    26 ||   147
         Punch             |     2 |       ||     2
         Mace              |    20 |    31 ||    51
   Cast: Magic Dart        |    40 |     1 ||    41
    Use: Scroll            |     4 |       ||     4
         Potion            |     2 |       ||     2
   Stab: Sleeping          |     8 |     2 ||    10
 Armour: Robe              |     4 |       ||     4
         Chain mail        |    36 |    44 ||    80
         Leather armour    |     5 |       ||     5
  Dodge: Dodged            |    63 |    22 ||    85

Action                     |  1- 3 |  4- 6 || total
---------------------------+-------+-------++-------
  Melee: Dagger            |   121 |    26 ||   147
         Punch             |     2 |       ||     2
         Mace              |    20 |    31 ||    51
   Cast: Magic Dart        |    40 |     1 ||    41
    Use: Scroll            |     4 |       ||     4
         Potion            |     2 |       ||     2
   Stab: Sleeping          |     8 |     2 ||    10
 Armour: Robe              |     4 |       ||     4
         Chain mail        |    36 |    44 ||    80
         Leather armour    |     5 |       ||     5
  Dodge: Dodged            |    63 |    22 ||    85

Levels and vault maps discovered:
D:1:      dpeg_arrival_water_temple_mockup, layout_loops_corners,
          basic_ecumenical_altar, serial_shops, nicolae_shop_tiny_statue_garden,
          hex_medium, skrybe_limestone_x
D:2:      layout_loops_ring, basic_altar
D:3:      layout_rooms, kennysheep_another_room, uniq_sigmund
D:4:      layout_rooms, gammafunk_temple_overflow_pools, temple_green
